 Dungeon Crawl Stone Soup version 0.25-a0-513-ge77a69270c (webtiles) character file.

Game seed: 16578973378532371516, levelgen mode: classic

102656 EnegeticOcto the Pandemonic (level 15, -10/146 HPs)
             Began as a Deep Dwarf Fighter on Feb 16, 2020.
             Was a High Priest of Makhleb.
             Mangled by a nagaraja
             ... wielding a +0 spear
              (18 damage)
             ... on level 4 of the Snake Pit.
             The game lasted 00:13:42 (15572 turns).

EnegeticOcto the Pandemonic (Deep Dwarf Fighter)   Turns: 15572, Time: 00:13:42

Health: -10/146    AC: 18    Str: 26    XL:     15   Next: 86%
Magic:  0/0        EV: 10    Int:  9    God:    Makhleb [*****.]
Gold:   994        SH: 19    Dex: 17    Spells: 14/14 levels left

rFire    + + +     SeeInvis .   P - +9 hand axe "Ythra Affe" {speed, rF+ MR++ Dex+3}
rCold    . . .     Gourm    .   V - +0 tower shield
rNeg     + . .     Faith    .   q - +2 chain mail of the Spider Nest {rF+ Int+2}
rPois    .         Spirit   .   F - +0 helmet of Negation {rF++ Int-2}
rElec    .         Reflect  .   (no cloak)
rCorr    .         Harm     .   N - +0 pair of gloves
MR       +++++                  y - +0 pair of boots
Stlth    ..........             j - amulet of the acrobat
HPRegen  0.00/turn              p - ring of protection from magic
MPRegen  0.07/turn              I - +2 ring of dexterity

@: non-regenerating, constricted
A: damage resistance, heal wounds, negative energy resistance 1, sense
surroundings 2, no regeneration
a: Heal Wounds, Minor Destruction, Lesser Servant of Makhleb, Major Destruction,
Greater Servant of Makhleb, Renounce Religion


You were on level 4 of the Snake Pit.
You worshipped Makhleb.
Makhleb was extremely pleased with you.
You were hungry.

You visited 3 branches of the dungeon, and saw 25 of its levels.

You collected 1102 gold pieces.
You spent 108 gold pieces at shops.

Inventory:

Hand Weapons
 a - a +0 broad axe
 v - a +6 spear of distortion
 B - a +3 war axe
 H - a +0 war axe of electrocution
 P - the +9 hand axe "Ythra Affe" (weapon) {speed, rF+ MR++ Dex+3}
   (You found it on level 5 of the Lair of Beasts)

   Attacks with this weapon are significantly faster.
   It affects your dexterity (+3).
   It protects you from fire.
   It affects your resistance to hostile enchantments.
Armour
 q - the +2 chain mail of the Spider Nest (worn) {rF+ Int+2}
   (You found it on level 5 of the Dungeon)

   It affects your intelligence (+2).
   It protects you from fire.
   If you remove this armour, your AC will decrease by 14 (18 -> 4).
 y - a +0 pair of boots (worn)
 F - the +0 helmet of Negation (worn) {rF++ Int-2}
   (You found it on level 10 of the Dungeon)

   It affects your intelligence (-2).
   It greatly protects you from fire.
   If you remove this armour, your AC will decrease by 1 (18 -> 17).
 N - a +0 pair of gloves (worn)
 V - a +0 tower shield (worn)
Jewellery
 j - an amulet of the acrobat (around neck)
 p - a ring of protection from magic (left hand)
 I - a +2 ring of dexterity (right hand)
Wands
 r - a wand of disintegration (17)
 z - a wand of paralysis (10)
 E - a wand of iceblast (2)
 G - a wand of polymorph (3)
 K - a wand of digging (5) {@V2}
 M - a wand of flame (3)
 Q - a wand of scattershot (3)
Scrolls
 c - a scroll of holy word
 f - 12 scrolls of remove curse {@r6}
 i - 3 scrolls of magic mapping {@r5}
 k - 4 scrolls of enchant armour
 m - 3 scrolls of identify {@r1}
 t - 12 scrolls of teleportation {@r2}
 x - 3 scrolls of enchant weapon
 C - 2 scrolls of vulnerability
 J - 4 scrolls of fear
 S - 2 scrolls of immolation {@r4}
 U - 2 scrolls of fog
Potions
 b - a potion of brilliance
 d - 4 potions of might {@q3}
 g - a potion of ambrosia
 h - 2 potions of curing {@q1}
 l - 5 potions of flight
 n - 2 potions of resistance {@q6}
 o - 2 potions of cancellation
 s - 8 potions of haste {@q4}
 u - a potion of heal wounds {@q2}
 w - 2 potions of berserk rage
 A - 2 potions of mutation
 D - 2 potions of agility {@q5}
 L - a potion of invisibility
 O - a potion of magic
Miscellaneous
 R - a phantom mirror
Comestibles
 e - 43 rations


   Skills:
 * Level 12.7 Fighting
 * Level 14.8 Axes
 + Level 11.2 Armour
 + Level 10.8 Dodging
 + Level 11.3 Shields
 * Level 16.4 Invocations


You had 14 spell levels left.
You didn't know any spells.
Your spell library contained the following spells:

 Spells                   Type           Power        Failure   Level  Hunger
 Animate Skeleton         Necr           N/A          100%        1    ##.....
 Beastly Appendage        Tmut           #.....       100%        1    ##.....
 Corona                   Hex            #......      100%        1    ##.....
 Freeze                   Ice            #...         100%        1    ##.....
 Pain                     Necr           #...         100%        1    ##.....
 Sting                    Tmut/Pois      #...         100%        1    ##.....
 Ensorcelled Hibernation  Hex/Ice        #.....       100%        2    ###....
 Poisonous Vapours        Pois/Air       #.....       100%        2    ###....
 Sticks to Snakes         Tmut           #.......     100%        2    ###....
 Sublimation of Blood     Necr           #.........   100%        2    ###....
 Confusing Touch          Hex            #.......     100%        3    ####...
 Dazzling Flash           Conj/Hex       #.....       100%        3    ####...
 Frozen Ramparts          Ice            #.....       100%        3    ####...
 Ignite Poison            Fire/Tmut/Pois #.......     100%        3    ####...
 Mephitic Cloud           Conj/Pois/Air  #.......     100%        3    ####...
 Ozocubu's Armour         Chrm/Ice       #.......     100%        3    ####...
 Recall                   Summ/Tloc      N/A          100%        3    ####...
 Spider Form              Tmut/Pois      #.........   100%        3    ####...
 Tukima's Dance           Hex            #.......     100%        3    ####...
 Vampiric Draining        Necr           #.........   100%        3    ####...
 Animate Dead             Necr           N/A          100%        4    #####..
 Hailstorm                Conj/Ice       #.......     100%        4    #####..
 Ice Form                 Ice/Tmut       #.......     100%        4    #####..
 Olgreb's Toxic Radiance  Pois           #.......     100%        4    #####..
 Petrify                  Tmut/Erth      #.......     100%        4    #####..
 Summon Ice Beast         Ice/Summ       #.......     100%        4    #####..
 Agony                    Necr           #.......     100%        5    ######.
 Alistair's Intoxication  Tmut/Pois      #.......     100%        5    ######.
 Blade Hands              Tmut           #.........   100%        5    ######.
 Borgnjor's Vile Clutch   Necr/Erth      #.........   100%        5    ######.
 Irradiate                Conj/Tmut      #.........   100%        5    ######.
 Death Channel            Necr           #.........   100%        6    #######
 Eringya's Noxious Bog    Tmut/Pois      #.........   100%        6    #######
 Simulacrum               Ice/Necr       #.........   100%        6    #######


Dungeon Overview and Level Annotations

Branches:
Dungeon (15/15)            Temple (0/1) D:7            Lair (6/6) D:8
 Shoals (0/4) Lair:3        Snake (4/4) Lair:2        Slime (0/5) Lair:5
    Orc (0/2) D:9          Vaults (0/5) D:14         Depths (0/5) D:15

Altars:
Dithmenos
Fedhas
Gozag
Hepliaklqana
Makhleb
Okawaru
Ru
Xom
Zin
The Shining One
Beogh

Shops:
D:6 !   D:14 *   D:15 }

Annotations:
D:12 3 runed translucent doors, EnegeticOcto's ghost, journeyman DDFi
Snake:4 Roxanne


Innate Abilities, Weirdness & Mutations

You are resistant to damage.
You can heal yourself by infusing magical energy.
You resist negative energy. (rN+)
You passively map the area around you.
You do not regenerate.


Message History

You are too injured to fight recklessly!
You are too injured to fight recklessly!
You are too injured to fight recklessly!
You are too injured to fight recklessly!
You are too injured to fight recklessly!
Your magical essence is drained by the effort!
You feel much better.
You feel very sick.
The nagaraja hits your balrug with a +0 spear!
The nagaraja grabs your balrug. The nagaraja constricts your balrug.
Your neqoxec hits the naga mage!
A naga comes into view. It is wielding a +0 scimitar.
Your balrug hits the nagaraja with a +2 demon whip of venom!
The nagaraja is engulfed in flames!!
The nagaraja dies!
Makhleb accepts your kill. You block the naga mage's attack.
The naga mage spits poison at you. The splash of poison hits you.
You are lethally poisoned!
The nagaraja closely misses you.
The salamander wields a +0 shortbow of flaming.
It bursts into flame!
The salamander shoots an arrow.
The arrow hits your balrug!
You don't have enough innate magic capacity.
You swap places.
* * * LOW HITPOINT WARNING * * *
You feel very sick. The naga mage spits poison at you.
You block the splash of poison. The nagaraja spits poison at you.
You block the splash of poison.
The naga sharpshooter spits poison at you.
The splash of poison misses you.
Your balrug hits the naga sharpshooter with a +2 demon whip of venom.
The naga sharpshooter is engulfed in flames!
The naga mage completely misses you.
A naga mage comes into view. It is wielding a +0 spear.
You block the nagaraja's attack. x2
Items here: ( )))) [[[ †† You don't have enough innate magic capacity.
You don't have enough innate magic capacity.
You are too injured to fight recklessly!
You are too injured to fight recklessly!
You are too injured to fight recklessly!
You are too injured to fight recklessly!
You are too injured to fight recklessly!
You are too injured to fight recklessly!
You are too injured to fight recklessly!
You are too injured to fight recklessly!
You barely miss the nagaraja.
The nagaraja is heavily wounded.
You slash the salamander! You hit the naga sharpshooter.
* * * LOW HITPOINT WARNING * * *
You feel sick.
Your balrug hits the naga sharpshooter with a +2 demon whip of venom!!
The naga sharpshooter is engulfed in flames!
The naga sharpshooter looks as sick as possible!
The naga sharpshooter mumbles some strange words.
The naga sharpshooter magically shoots a bolt.
The bolt hits you!
* * * LOW HITPOINT WARNING * * *
Your neqoxec gestures.
The naga mage hits you from afar with a +0 halberd!
* * * LOW HITPOINT WARNING * * *
You slash the nagaraja!
The nagaraja is severely wounded.
You slash the salamander!
You hit the naga sharpshooter but do no damage.
Your shield and chain mail of the Spider Nest prevent you from hitting the naga sharpshooter.
* * * LOW HITPOINT WARNING * * *
You feel sick.
Your balrug hits the naga sharpshooter with a +2 demon whip of venom!!
The naga sharpshooter dies!
Makhleb accepts your kill.
Okay, then.
You feel much better.
You feel very sick. The naga mage misses you.
The naga sharpshooter casts a spell.
The naga sharpshooter magically shoots a bolt.
The bolt hits you!
* * * LOW HITPOINT WARNING * * *
Your neqoxec gestures.
The salamander unwields a +0 shortbow of flaming.
It stops flaming.
The salamander closely misses you.
The naga sharpshooter shoots an arrow.
The arrow hits you!!
* * * LOW HITPOINT WARNING * * *
The nagaraja closely misses you. You block the nagaraja's attack.
The naga mage closely misses you. The naga mage grabs you.
The naga mage constricts you.
Your balrug gestures at the nagaraja.
The nagaraja is smitten.
The naga mage spits poison at you. The splash of poison hits you!
You are more poisoned.
* * * LOW HITPOINT WARNING * * *
A naga comes into view. It is wielding a +0 long sword.
You feel better. The nagaraja hits you with a +0 spear!!
You die...

, , , , , , ......
.# .. * * , ##...⌠.
N##NN#, , *.......
#..#NN, , * , *
......N...53# ,, ,,
* , .#....N#N.5.# ,,
...........5# * , *
......NNN(..# , * **
* .....N)@NN..# ** #
##...##2).### ###
#......(## ..#
##.#####.# ..# #N)#
##.## ..# #N#*##)##
##########.###.#(##
...........##.###.##
##.####...##.##
##.##


You could see 2 naga warriors, a nagaraja, 2 naga sharpshooters, a salamander, 4
naga magi, 4 nagas, a friendly balrug, a friendly neqoxec, a friendly quasit, a
friendly white imp and a friendly ufetubus.

Vanquished Creatures
  3 nagarajas (Snake:4)
  Snorg (Lair:4)
  6 naga warriors
  A rakshasa (D:13)
  3 hydras
  7 centaur warriors
  5 anacondas
  A vampire mage (D:15)
  9 two-headed ogres
  An ogre mage (D:14)
  A shock serpent (Snake:4)
  Urug (D:12)
  3 naga sharpshooters (Snake:4)
  A salamander mystic (Snake:2)
  3 naga ritualists (Snake:4)
  A necromancer (D:15)
  Pikel (D:6)
  A lindwurm (D:14)
  6 ugly things (D:14)
  2 orc knights
  4 mana vipers
  A harpy (shapeshifter) (D:14)
  A wolf spider zombie (D:14)
  A fire giant zombie (D:15)
  4 deep elf magi
  4 manticores
  6 salamanders
  11 black mambas
  A stone giant skeleton (D:15)
  20 elephants
  A torpor snail (Lair:6)
  9 naga magi
  5 spiny frogs
  Joseph (D:8)
  2 gargoyles
  Maggie (Lair:2)
  A rime drake (Lair:3)
  An efreet (D:15)
  A freezing wraith (D:14)
  7 komodo dragons
  A queen bee (D:9)
  A queen bee (shapeshifter) (D:14)
  6 trolls
  3 meliai (D:13)
  A hornet (D:15)
  11 blink frogs
  9 hippogriffs
  Prince Ribbit (D:5)
  10 dream sheep
  3 wraiths
  A shadow (D:15)
  5 wyverns
  Sigmund (D:5)
  A yak (shapeshifter) (D:14)
  A spriggan skeleton (D:15)
  Eustachio (D:5)
  A basilisk (Lair:5)
  22 yaks
  A steam dragon (D:11)
  Edmund (D:6)
  An acid dragon (D:11)
  14 nagas
  14 water moccasins
  3 sky beasts
  3 porcupines
  4 slaves (D:6)
  2 black bears
  8 ice beasts
  4 phantoms
  11 orc warriors
  3 necrophages
  12 ogres
  10 wolves
  12 centaurs
  8 crocodiles
  3 big kobolds
  11 bullfrogs
  Blork the orc (D:5)
  2 wyvern zombies
  2 gnoll sergeants
  A wyvern skeleton (D:8)
  4 scorpions
  A water moccasin skeleton (D:7)
  22 killer bees
  10 wights
  6 howler monkeys
  3 electric eels
  6 crimson imps
  4 centaur zombies
  9 hounds
  5 jellies
  4 centaur skeletons
  18 orc priests
  A bullfrog skeleton (D:4)
  4 iguanas
  12 orc wizards
  13 worker ants
  3 hound skeletons
  14 gnolls
  11 adders
  6 shadow imps
  4 oozes
  5 adder skeletons
  A worm (D:4)
  A leopard gecko (D:1)
  82 orcs
  A giant cockroach (D:5)
  5 goblins
  A hobgoblin (D:3)
  5 jackals
  4 quokkas
  2 frilled lizards (D:1)
  18 kobolds
  2 quokka skeletons
  4 quokka zombies
  4 rats
  7 fungi
  3 plants
  A withered plant (D:15)
655 creatures vanquished.

Vanquished Creatures (collateral kills)
  Rupert (Lair:6)
  Kirke (Lair:6)
  A nagaraja (Snake:4)
  2 hydras
  3 naga warriors (Snake:4)
  A naga sharpshooter (Snake:4)
  A shock serpent (Snake:4)
  2 skeletal warriors (D:15)
  3 naga ritualists (Snake:4)
  4 elephants (Lair:6)
  4 naga magi (Snake:4)
  2 hippogriffs (Lair:6)
  4 yaks
  A human zombie (D:15)
  6 nagas (Snake:4)
  3 water moccasins (Lair:6)
  A bullfrog skeleton (D:12)
  3 fungi (Lair:6)
43 creatures vanquished.

Vanquished Creatures (others)
  5 dream sheep (D:9)
  3 humans (Lair:6)
  2 water moccasins (Lair:6)
  An orc priest (D:13)
  3 orcs (D:13)
  6 fungi
  5 plants
  A withered plant (D:15)
26 creatures vanquished.

Grand Total: 724 creatures vanquished

Notes
Turn   | Place    | Note
-------+----------+-------------------------------------------
     0 | D:1      | EnegeticOcto the Deep Dwarf Fighter began the quest for the
                  | Orb.
     0 | D:1      | Reached XP level 1. HP: 20/20 MP: 1/1
    72 | D:1      | Reached XP level 2. HP: 18/27 MP: 2/2
   447 | D:3      | Reached XP level 3. HP: 23/33 MP: 3/3
   494 | D:3      | Reached skill level 1 in Dodging
   572 | D:3      | Reached XP level 4. HP: 33/42 MP: 4/4
   722 | D:4      | Found a blossoming altar of Fedhas.
   735 | D:4      | Found a glowing golden altar of the Shining One.
   774 | D:4      | Noticed a phantom
   789 | D:4      | Reached XP level 5. HP: 49/49 MP: 4/4
   790 | D:4      | Killed a phantom
   844 | D:4      | Reached XP level 6. HP: 50/56 MP: 5/5
  1202 | D:5      | Entered Level 5 of the Dungeon
  1203 | D:5      | Noticed Blork the orc
  1207 | D:5      | Killed Blork the orc
  1236 | D:5      | Found a burning altar of Makhleb.
  1280 | D:5      | Became a worshipper of Makhleb the Destroyer
  1350 | D:5      | Noticed Sigmund
  1368 | D:5      | Killed Sigmund
  1368 | D:5      | Reached skill level 5 in Axes
  1368 | D:5      | Reached skill level 1 in Invocations
  1368 | D:5      | Reached XP level 7. HP: 32/64 MP: 5/7
  1413 | D:5      | Noticed Eustachio
  1413 | D:5      | Noticed Prince Ribbit
  1449 | D:5      | Reached skill level 2 in Invocations
  1466 | D:5      | Killed Eustachio
  1506 | D:5      | Reached skill level 3 in Invocations
  1562 | D:5      | Got a smelly chain mail
  1573 | D:5      | Identified the +2 chain mail of the Spider Nest {rF+ Int+2}
                  | (You found it on level 5 of the Dungeon)
  1677 | D:5      | Killed Prince Ribbit
  1677 | D:5      | Reached skill level 5 in Armour
  1677 | D:5      | Reached skill level 5 in Shields
  1677 | D:5      | Reached XP level 8. HP: 46/73 MP: 8/8
  1678 | D:5      | Reached skill level 4 in Invocations
  1876 | D:5      | Found a glowing silver altar of Zin.
  2106 | D:6      | Noticed Pikel
  2141 | D:6      | Killed Pikel
  2141 | D:6      | Reached skill level 5 in Fighting
  2141 | D:6      | Reached skill level 5 in Invocations
  2244 | D:6      | Reached * piety under Makhleb
  2254 | D:6      | Noticed Edmund
  2260 | D:6      | Killed Edmund
  2260 | D:6      | Gained mutation: You passively map the area around you.
                  | [Deep Dwarf growth]
  2260 | D:6      | Reached XP level 9. HP: 46/81 MP: 10/10
  2446 | D:6      | Found Fodwud's Distillery.
  2455 | D:6      | Bought a potion of heal wounds for 60 gold pieces
  2455 | D:6      | Bought a potion of might for 48 gold pieces
  2471 | D:6      | Reached skill level 6 in Invocations
  2633 | D:6      | Found a shadowy altar of Dithmenos.
  2842 | D:6      | Found an iron altar of Okawaru.
  3064 | D:7      | Noticed a troll
  3080 | D:7      | Reached ** piety under Makhleb
  3082 | D:7      | Killed a troll
  3082 | D:7      | Reached skill level 5 in Dodging
  3174 | D:7      | Reached skill level 7 in Invocations
  3449 | D:7      | Found a staircase to the Ecumenical Temple.
  3615 | D:7      | Reached *** piety under Makhleb
  3615 | D:7      | Reached XP level 10. HP: 52/92 MP: 9/9
  3759 | D:8      | Found a staircase to the Lair.
  3886 | D:8      | Reached skill level 8 in Invocations
  3976 | D:8      | Found an opulent altar of Gozag.
  4639 | D:8      | Noticed Joseph
  4660 | D:8      | Killed Joseph
  4865 | D:9      | Found an opulent altar of Gozag.
  4866 | D:9      | Noticed a deep elf mage
  4879 | D:9      | Killed a deep elf mage
  4896 | D:9      | Found a roughly hewn altar of Beogh.
  4896 | D:9      | Found a staircase to the Orcish Mines.
  4907 | D:9      | Reached skill level 9 in Invocations
  4910 | D:9      | Reached **** piety under Makhleb
  5064 | D:9      | Found a hazy altar of Hepliaklqana.
  5143 | D:9      | Found a shimmering altar of Xom.
  5358 | D:9      | Found a sacrificial altar of Ru.
  5591 | D:10     | Entered Level 10 of the Dungeon
  5604 | D:10     | Reached XP level 11. HP: 69/102 MP: 9/9
  5654 | D:10     | Reached ***** piety under Makhleb
  5841 | D:10     | You fall into a shaft and drop 1 floor!
  5966 | D:11     | Reached skill level 10 in Invocations
  6131 | D:10     | Reached skill level 10 in Axes
  6297 | D:10     | Got a shimmering helmet
  6303 | D:10     | Identified the +0 helmet of Negation {rF++ Int-2} (You
                  | found it on level 10 of the Dungeon)
  6502 | D:10     | Noticed a two-headed ogre
  6514 | D:10     | Killed a two-headed ogre
  7319 | D:12     | Found a runed translucent gate.
  7319 | D:12     | Found a runed translucent gate.
  7319 | D:12     | Found a runed translucent gate.
  7320 | D:12     | Noticed a nine-headed hydra
  7320 | D:12     | Noticed EnegeticOcto's ghost (journeyman DDFi)
  7321 | D:12     | Noticed a ten-headed hydra
  7457 | D:12     | Reached skill level 11 in Invocations
  7533 | D:12     | Noticed Urug
  7559 | D:12     | Killed Urug
  7559 | D:12     | Reached XP level 12. HP: 79/112 MP: 8/8
  7935 | D:13     | Noticed a rakshasa
  7958 | D:13     | Killed a rakshasa
  8101 | D:13     | Noticed a two-headed ogre
  8115 | D:13     | Killed a two-headed ogre
  8147 | D:13     | Found a roughly hewn altar of Beogh.
  8162 | D:13     | Noticed a centaur warrior
  8176 | D:13     | Killed a centaur warrior
  8186 | D:13     | Reached ****** piety under Makhleb
  8253 | D:13     | Reached skill level 12 in Invocations
  8285 | D:13     | Noticed a death knight
  8286 | D:13     | Noticed a seven-headed hydra
  8294 | D:13     | Noticed a yaktaur captain
  8547 | D:14     | Found Piti's General Store.
  8547 | D:14     | Noticed a centaur warrior
  8550 | D:14     | Noticed a centaur warrior
  8556 | D:14     | Killed a centaur warrior
  8558 | D:14     | Noticed a two-headed ogre
  8563 | D:14     | Killed a centaur warrior
  8568 | D:14     | Killed a two-headed ogre
  8655 | D:14     | Noticed an ogre mage
  8661 | D:14     | Noticed a two-headed ogre
  8663 | D:14     | Noticed a two-headed ogre
  8663 | D:14     | Noticed a two-headed ogre
  8666 | D:14     | Noticed a two-headed ogre
  8673 | D:14     | Killed a two-headed ogre
  8674 | D:14     | Killed an ogre mage
  8675 | D:14     | Killed a two-headed ogre
  8675 | D:14     | Reached skill level 10 in Fighting
  8679 | D:14     | Killed a two-headed ogre
  8679 | D:14     | Reached XP level 13. HP: 123/123 MP: 9/9
  8799 | D:14     | Reached skill level 13 in Invocations
  9301 | D:14     | Found a gate to the Vaults.
  9359 | D:15     | Entered Level 15 of the Dungeon
  9383 | D:15     | Found a staircase to the Depths.
  9511 | D:15     | Found Dosoq's Gadget Shoppe.
 10474 | Lair:1   | Entered Level 1 of the Lair of Beasts
 10839 | Lair:2   | Reached skill level 14 in Invocations
 10853 | Lair:2   | Found a staircase to the Snake Pit.
 11006 | Lair:2   | Gained mutation: You resist negative energy. (rN+) [Deep
                  | Dwarf growth]
 11006 | Lair:2   | Reached XP level 14. HP: 121/133 MP: 10/10
 11037 | Lair:2   | Noticed Maggie
 11050 | Lair:2   | Killed Maggie
 11056 | Lair:2   | Reached skill level 10 in Shields
 11589 | Lair:3   | You fall into a shaft and drop 3 floors!
 11589 | Lair:6   | Entered Level 6 of the Lair of Beasts
 11655 | Lair:6   | Reached skill level 10 in Armour
 11759 | Lair:6   | Noticed Rupert
 11767 | Lair:6   | Noticed Kirke
 11780 | Lair:6   | Killed Rupert
 11785 | Lair:6   | Killed Kirke
 12091 | Lair:5   | Identified the +9 hand axe "Ythra Affe" {speed, rF+ MR++
                  | Dex+3} (You found it on level 5 of the Lair of Beasts)
 12202 | Lair:5   | Found a staircase to the Slime Pits.
 12231 | Lair:5   | Reached skill level 15 in Invocations
 12984 | Lair:4   | Noticed Snorg
 12992 | Lair:4   | Reached skill level 10 in Dodging
 13010 | Lair:4   | Killed Snorg
 14041 | Lair:3   | Found a staircase to the Shoals.
 14489 | Snake:1  | Entered Level 1 of the Snake Pit
 14497 | Snake:1  | Reached XP level 15. HP: 144/144 MP: 10/10
 14747 | Snake:4  | Entered Level 4 of the Snake Pit
 14853 | Snake:4  | Noticed Roxanne
 15045 | Snake:4  | Reached skill level 16 in Invocations
 15336 | Snake:4  | Noticed a nagaraja
 15355 | Snake:4  | Noticed a nagaraja
 15377 | Snake:4  | Killed a nagaraja
 15416 | Snake:4  | Killed a nagaraja
 15489 | Snake:4  | Noticed a nagaraja
 15500 | Snake:4  | Killed a nagaraja
 15546 | Snake:4  | Noticed a nagaraja
 15546 | Snake:4  | Noticed a nagaraja
 15554 | Snake:4  | HP: 1/146 [naga sharpshooter/bolt (14)]
 15567 | Snake:4  | Killed a nagaraja
 15571 | Snake:4  | HP: 2/146 [naga mage/splash of poison (7)]
 15572 | Snake:4  | Mangled by a nagaraja

Levels and vault maps discovered:
D:1:      tarquinn_simple_flora_water_d, layout_basic, kennysheep_small_spiral
D:2:      wander_river, layout_basic
D:3:      layout_basic, lemuel_crystal_altar, nicolae_dithmenos_shadow_blocks,
          lemuel_crystal_altar, uniq_crazy_yiuf_cottage
D:4:      layout_rooms, nicolae_overflow_crystal_walls,
          overflow_temple_1_default, first_ration
D:5:      layout_loops_ring, makhleb_blood_cavern_becter, zin_treasury,
          uniq_sigmund, uniq_blork_the_orc, uniq_eustachio, uniq_prince_ribbit1
D:6:      layout_cave_pods, basic_altar, serial_shops, shop,
          okawaru_metal_pillars_1_2, uniq_pikel, uniq_edmund
D:7:      layout_layer_cave, temple_fountains
D:8:      layout_basic, grunt_gozag_statues, lair_entry_dummy, uniq_joseph
D:9:      layout_loops_ring, nicolae_overflow_hidden_temple,
          lemuel_coloured_pillars_altar, kb_xom_exploding_sheep, david_orc_5,
          david_nohive_1, david_defended_altar_elf
D:10:     layout_grid_maze
D:11:     layout_basic
D:12:     layout_rooms, gammafunk_ghost_hydra_chop, uniq_urug
D:13:     layout_roguey [special_room_orc], onia_ninara_dug_in_and_dangerous
D:14:     layout_long_grid, david_vaults_4, serial_shops, shop_fountains,
          minmay_misc_feat_chi
D:15:     gammafunk_depths_entry_grave, layout_loops_corners, serial_shops,
          shop, chequers_serial_rivers_marsh
Lair:1:   layout_concentric_octagons, infiniplex_staircase_pool_2,
          grunt_megastairs_1
Lair:2:   layout_chaotic_city, guppyfry_snake_entry_garden,
          serial_bayou_shore_a, uniq_maggie
Lair:3:   layout_gridlike, minmay_shoals_entry_beasts
Lair:4:   layout_layer_cave, grunt_megastairs_3, lemuel_fruit_fields, uniq_snorg
Lair:5:   beast_lair_carwin_large_1, layout_loops_ring, slime_dummy
Lair:6:   due_jungle_book, layout_loops_ring, grunt_megastairs_2,
          serial_bayou_shore_b, uniq_kirke, uniq_rupert
Snake:1:  layout_cave_shapes, minmay_shop_star
Snake:2:  layout_gridlike, serial_shops, shop, drop_trap
Snake:3:  layout_chambers, uniq_donald
Snake:4:  snake_pit, layout_misc_corridors, grunt_ministairs_2,
          minmay_snake_pond, uniq_roxanne

Skill      XL: |  1  2  3  4  5  6  7  8  9 10 11 12 13 14 15 |
---------------+----------------------------------------------+-----
Dodging        | 1 2 3 4 5 6 7 8 9 10 | 10.8
Fighting       | 3 4 5 6 7 8 10 11 12 | 12.7
Axes           | 3 4 5 7 8 9 10 11 13 14 | 14.8
Shields        | 4 5 6 7 8 9 10 11 | 11.3
Armour         | 4 5 6 7 8 9 10 11 | 11.2
Invocations    | 1 3 5 7 9 11 12 14 15 16 | 16.4

Action                   |  1- 3 |  4- 6 |  7- 9 | 10-12 | 13-15 || total
-------------------------+-------+-------+-------+-------+-------++-------
Melee: War axe           |    77 |    77 |   393 |   950 |   557 ||  2054
       Hand axe          |       |       |       |       |   759 ||   759
Invok: Lesser Servant of |       |       |       |     4 |    16 ||    20
       Greater Servant o |       |       |       |       |     7 ||     7
 Abil: Heal Wounds       |     1 |     3 |    24 |    30 |    51 ||   109
Evoke: Wand              |       |       |       |       |     6 ||     6
  Use: Scroll            |       |    10 |     6 |     6 |    11 ||    33
       Potion            |       |       |       |     1 |     6 ||     7
 Stab: Distracted        |       |       |       |       |     7 ||     7
  Eat: Chunk             |       |     2 |     8 |    18 |    23 ||    51
Armor: Scale mail        |    46 |    22 |    29 |       |       ||    97
       Chain mail        |       |       |   154 |   405 |   387 ||   946
Dodge: Dodged            |    35 |    19 |   174 |   505 |   489 ||  1222
Block: Kite shield       |    35 |    28 |   314 |   726 |   607 ||  1710
       Tower shield      |       |       |       |       |   215 ||   215

Table legend:
 A = Non-vault XP
 B = Vault XP
 C = Vault XP percentage of total XP
 D = Non-vault monster count
 E = Vault monster count
 F = Vault count percentage of total count
                 A         B        C        D         E       F
            +---------+---------+-------+---------+---------+-------
      Total |  106059 |   40593 |  27.7 |     542 |     140 |  20.5
            +---------+---------+-------+---------+---------+-------
        D:1 |      22 |       0 |   0.0 |      10 |       0 |   0.0
        D:2 |      14 |       0 |   0.0 |       6 |       0 |   0.0
        D:3 |     137 |       0 |   0.0 |      12 |       0 |   0.0
        D:4 |     288 |       0 |   0.0 |       9 |       0 |   0.0
        D:5 |     568 |     796 |  58.4 |      20 |       5 |  20.0
        D:6 |    1280 |     829 |  39.3 |      30 |       2 |   6.2
        D:7 |    2014 |       0 |   0.0 |      48 |       0 |   0.0
        D:8 |    1550 |     419 |  21.3 |      32 |       1 |   3.0
        D:9 |     873 |    2148 |  71.1 |      11 |      40 |  78.4
       D:10 |    5535 |       0 |   0.0 |      58 |       0 |   0.0
       D:11 |    1598 |       0 |   0.0 |      21 |       0 |   0.0
       D:12 |    4135 |     795 |  16.1 |      33 |       1 |   2.9
       D:13 |    6385 |    1624 |  20.3 |      30 |      23 |  43.4
       D:14 |   15969 |    3007 |  15.8 |      35 |       6 |  14.6
       D:15 |    7844 |    3746 |  32.3 |      23 |       8 |  25.8
     Lair:1 |    1092 |       0 |   0.0 |       5 |       0 |   0.0
     Lair:2 |    3680 |     877 |  19.2 |      12 |       4 |  25.0
     Lair:3 |    2792 |     791 |  22.1 |       8 |       2 |  20.0
     Lair:4 |    5665 |    2098 |  27.0 |      23 |       7 |  23.3
     Lair:5 |    2798 |    4248 |  60.3 |      12 |       9 |  42.9
     Lair:6 |   13079 |    3793 |  22.5 |      47 |       6 |  11.3
    Snake:1 |    3344 |       0 |   0.0 |       7 |       0 |   0.0
    Snake:2 |    4912 |       0 |   0.0 |       7 |       0 |   0.0
    Snake:3 |    1045 |       0 |   0.0 |       2 |       0 |   0.0
    Snake:4 |   19440 |   15422 |  44.2 |      41 |      26 |  38.8
            +---------+---------+-------+---------+---------+-------
